 Dungeon Crawl Stone Soup version 0.30-b1-2-g02819fbbbe (webtiles) character file.

Game seed: 17432375475463816918

6581 erloom the Martial Artist (level 10, -2/81 HPs)
             Began as a Black Draconian Transmuter on May 18, 2023.
             Was a Priest of Makhleb.
             Killed by vampiric draining
             ... invoked by a vampire
              (16 damage)
             ... on level 9 of the Dungeon.
             The game lasted 00:24:44 (7989 turns).

erloom the Martial Artist (DrTm)                    Turns: 7989, Time: 00:24:45

Health: -2/81      AC:  2    Str: 12    XL:     10   Next: 71%
Magic:  28/28      EV: 23    Int: 15    God:    Makhleb [***...]
Gold:   449        SH:  0    Dex: 20    Spells: 13/21 levels left

rFire   . .          .
                       - Unarmed
rCold   . . .        (shield currently unavailable)
rNeg    . . .        (body armour unavailable)
rPois   x            d - melded +1 hat
rElec   .            (cloak currently unavailable)
rCorr   .            o - melded +0 pair of gloves
SInv    .            (boots currently unavailable)
Will    .....        b - amulet of regeneration
Stlth   ++           s - ring of magical power
HPRegen 1.13/turn    y - ring of flight
MPRegen 0.21/turn

%: no passive effects
@: spider-form (expiring), flying
A: venomous fangs, (breathe lightning), AC +7, tiny, unfitting armour,
(electricity resistance), (cold-blooded)
a: End Transformation, Renounce Religion, Minor Destruction, Lesser Servant of
Makhleb


You were on level 9 of the Dungeon.
You worshipped Makhleb.
Makhleb was most pleased with you.
You were a venomous arachnid creature.
You visited 2 branches of the dungeon, and saw 10 of its levels.

You collected 449 gold pieces.

Inventory:

Armour
 d - a +1 hat (melded)
 o - a +0 pair of gloves (melded)
Jewellery
 b - an amulet of regeneration (around neck)
 h - a ring of fire
 q - an amulet of reflection
 s - a ring of magical power (left front pincers)
 y - a ring of flight (right front pincers)
 E - a +6 ring of dexterity
Wands
 c - a wand of charming (7)
 C - a wand of iceblast (3)
Scrolls
 j - 6 scrolls of fear
 k - a scroll of amnesia {unknown}
 m - 2 scrolls of blinking {unknown}
 p - 3 scrolls of immolation {unknown}
 t - 5 scrolls of teleportation {unknown}
 v - 2 scrolls of vulnerability {unknown}
 w - 2 scrolls of fog {unknown}
 x - a scroll of poison {unknown}
 B - 2 scrolls of magic mapping {unknown}
Potions
 a - 3 potions of lignification
 e - 4 potions of haste
 f - 4 potions of mutation
 g - 2 potions of resistance
 i - 6 potions of attraction {unknown}
 l - 2 potions of brilliance
 n - 3 potions of curing
 r - 2 potions of degeneration
 u - 3 potions of cancellation
 z - 3 potions of flight
 A - a potion of ambrosia
 D - a potion of heal wounds {unknown}


   Skills:
 - Level 5.0 Fighting
 - Level 5.0 Dodging
 - Level 10.0 Unarmed Combat
 + Level 6.0 Spellcasting
 + Level 8.0 Transmutations
 + Level 3.0 Ice Magic
 - Level 3.0 Poison Magic
 + Level 4.0 Invocations


You had 13 spell levels left.
You knew the following spells:

 Your Spells              Type           Power      Damage    Failure   Level
a - Beastly Appendage     Tmut           56%        N/A       3%          1
b - Spider Form           Tmut/Pois      21%        N/A       14%         3
c - Ice Form              Ice/Tmut       21%        N/A       34%         4

Your spell library contained the following spells:

 Spells                   Type           Power      Damage    Failure   Level
 Wereblood                Tmut           28%        N/A       4%          2
 Passwall                 Tmut/Erth      13%        N/A       13%         2
 Frozen Ramparts          Ice            26%        1d4       30%         3
 Sandblast                Erth           8%         2d5       32%         1
 Blink                    Tloc           8%         N/A       43%         2
 Lesser Beckoning         Tloc           8%         N/A       43%         2
 Momentum Strike          Conj/Tloc      8%         3d8       43%         2
 Stone Arrow              Conj/Erth      8%         3d7       63%         3
 Summon Ice Beast         Ice/Summ       9%         N/A       80%         4
 Manifold Assault         Tloc           4%         N/A       93%         4
 Passage of Golubria      Tloc           4%         N/A       93%         4
 Silence                  Hex/Air        2%         N/A       99%         5
 Dispersal                Tloc           2%         N/A       100%        6
 Disjunction              Tloc           2%         N/A       100%        8
 Lehudib's Crystal Spear  Conj/Erth      2%         10d2      100%        8


Dungeon Overview and Level Annotations

Branches:
Dungeon (9/15)             Temple (1/1) D:4
   Lair: D:8-11         Orc: D:9-12

Altars:
Dithmenos
Elyvilon
Fedhas
Gozag
Makhleb
Okawaru
Qazlal
Ru
Sif Muna
Trog
Uskayaw
Vehumet
Wu Jian
Xom
Zin

Shops:
D:1 =

Annotations:
D:8 Erica


Innate Abilities, Weirdness & Mutations

You are a venomous arachnid creature.
You have venomous fangs.
You are tiny and dextrous.
Your spellcasting is less reliable in this form.
Your armour is entirely melded.
You are incapable of wielding weapons or throwing items.
((You can breathe wild blasts of lightning.))
((Your glossy black scales are hard. (AC +7)))
You cannot fit into any form of body armour.
((You are resistant to electric shocks. (rElec)))
((You are cold-blooded and may be slowed by cold attacks.))


Message History

The vampire barely misses you. The vampire completely misses you.
You hit the vampire but do no damage.
The vampire is almost destroyed.
The vampire draws life force from you!!
The vampire is healed by the life force!
You hit the vampire.
The vampire is severely damaged.
The vampire completely misses you. x2
You hit the vampire but do no damage.
The vampire is severely damaged.
The vampire misses you. The vampire completely misses you.
You hit the vampire but do no damage.
The vampire is severely damaged.
The vampire completely misses you. The vampire misses you.
You hit the vampire.
The vampire is severely damaged.
You hit the vampire but do no damage.
The vampire is severely damaged.
The vampire draws life force from you!
* * * LOW HITPOINT WARNING * * *
The vampire is healed by the life force!
You barely miss the vampire.
The vampire is heavily damaged.
Your transformation is almost over.
The vampire closely misses you. The vampire misses you.
You completely miss the vampire.
The vampire is heavily damaged.
The vampire completely misses you. The vampire bites you!
* * * LOW HITPOINT WARNING * * *
The vampire draws strength from your injuries!
You hit the vampire.
The vampire is heavily damaged.
The vampire gestures at you while chanting.
You resist with some effort.
You hit the vampire but do no damage.
The vampire is heavily damaged.
You hit the vampire but do no damage.
The vampire is heavily damaged.
The vampire draws life force from you!
You die...

........#
........#......#
........#......#
.......#......#
#.....#......#
#.....#......#
#.....#......#
#.....#V.....#
+.....s......#
#.....#......#
#######......#
#################......#
...#............#......#
...#............#......#
...#............#......#
...'............#......#
'#####....##...##......#


You could see a vampire.

Vanquished Creatures
  A two-headed ogre (D:8)
  A boulder beetle (D:7)
  Maggie (D:6)
  A troll (D:9)
  A hornet (D:9)
  Grinder (D:6)
  Sigmund (D:4)
  2 wyverns
  4 yaks (D:8)
  Edmund (D:6)
  An acid dragon (D:9)
  Duvessa (D:7)
  2 water moccasins (D:6)
  2 orc warriors
  2 black bears
  An ice beast (D:7)
  2 ogres
  A centaur (D:7)
  3 phantoms (D:5)
  Blork the orc (D:6)
  4 bullfrogs
  A gnoll sergeant (D:6)
  4 scorpions
  Dowan (D:7)
  3 wights (D:6)
  3 killer bees
  An electric eel (D:6)
  8 howler monkeys
  A hound (D:5)
  3 jellies
  3 orc priests
  A gnoll bouda (D:9)
  4 iguanas
  6 orc wizards
  10 gnolls
  4 adders
  A shadow imp (D:7)
  2 white imps
  2 ufetubi
  4 worms
  5 dart slugs
  22 orcs
  3 endoplasms
  A giant cockroach (D:1)
  10 goblins
  6 hobgoblins
  3 quokkas
  5 ball pythons
  4 bats
  3 frilled lizards
  6 kobolds
  8 rats
172 creatures vanquished.

Vanquished Creatures (others)
  An endoplasm (D:2)
  8 plants (D:4)
9 creatures vanquished.

Grand Total: 181 creatures vanquished

Notes
Turn   | Place    | Note
-------+----------+-------------------------------------------
     0 | D:1      | erloom the Draconian Transmuter began the quest for the
                  | Orb.
     0 | D:1      | Reached XP level 1. HP: 16/16 MP: 3/3
    28 | D:1      | Found Meafosou's Jewellery Shop.
   144 | D:1      | Noticed an eye of devastation
   147 | D:1      | Noticed a great orb of eyes
   149 | D:1      | Found a faded altar of an unknown god.
   151 | D:1      | Noticed a shining eye
   151 | D:1      | Noticed a great orb of eyes
   175 | D:1      | Reached XP level 2. HP: 23/23 MP: 5/5
   385 | D:1      | Reached skill level 4 in Unarmed Combat
   781 | D:2      | Reached XP level 3. HP: 28/28 MP: 4/6
  1186 | D:2      | Found a shimmering altar of Xom.
  1797 | D:3      | Reached skill level 5 in Unarmed Combat
  1797 | D:3      | Reached XP level 4. HP: 29/35 MP: 5/7
  2026 | D:3      | Reached XP level 5. HP: 40/40 MP: 6/8
  2386 | D:4      | Reached skill level 6 in Unarmed Combat
  2390 | D:4      | Learned a level 3 spell: Spider Form
  2736 | D:4      | Found a staircase to the Ecumenical Temple.
  2742 | Temple   | Entered the Ecumenical Temple
  2771 | Temple   | Became a worshipper of Makhleb the Destroyer
  2804 | D:4      | Noticed an ogre
  2864 | D:5      | Entered Level 5 of the Dungeon
  2926 | D:5      | Reached skill level 1 in Poison Magic
  2926 | D:5      | Reached XP level 6. HP: 46/47 MP: 10/10
  3439 | D:4      | Your scales start taking on a glossy black colour.
  3439 | D:4      | Reached XP level 7. HP: 52/52 MP: 11/11
  3439 | D:4      | Gained mutation: You are resistant to electric shocks.
                  | (rElec) [Black Draconian growth]
  3766 | D:4      | Reached * piety under Makhleb
  3821 | D:4      | Noticed Sigmund
  3831 | D:4      | Killed Sigmund
  3832 | D:4      | Reached skill level 5 in Transmutations
  3841 | D:4      | Found a glowing silver altar of Zin.
  3852 | D:4      | Found a sacrificial altar of Ru.
  4540 | D:6      | Noticed Edmund
  4579 | D:6      | Noticed Blork the orc
  4590 | D:6      | Killed Blork the orc
  4664 | D:6      | Reached XP level 8. HP: 10/58 MP: 12/12
  4811 | D:6      | Noticed Grinder
  4819 | D:6      | Killed Edmund
  5008 | D:6      | Noticed Maggie
  5059 | D:7      | Noticed Duvessa
  5069 | D:7      | Noticed Dowan
  5080 | D:7      | Killed Duvessa
  5093 | D:6      | Reached skill level 7 in Unarmed Combat
  5168 | D:7      | Killed Dowan
  5381 | D:6      | Reached skill level 8 in Unarmed Combat
  5381 | D:6      | Reached XP level 9. HP: 17/69 MP: 13/13
  5460 | D:6      | Killed Grinder
  5514 | D:6      | Killed Maggie
  5515 | D:6      | Reached skill level 9 in Unarmed Combat
  5523 | D:6      | Learned a level 4 spell: Ice Form
  5731 | D:6      | Reached ** piety under Makhleb
  6206 | D:7      | Noticed a boulder beetle
  6231 | D:8      | Noticed Erica
  6243 | D:7      | Killed a boulder beetle
  6244 | D:7      | Reached skill level 10 in Unarmed Combat
  6244 | D:7      | Reached skill level 5 in Spellcasting
  6539 | D:8      | Noticed a two-headed ogre
  6551 | D:8      | Killed a two-headed ogre
  6552 | D:8      | Reached skill level 1 in Ice Magic
  6552 | D:8      | Reached XP level 10. HP: 24/78 MP: 17/17
  7135 | D:8      | Reached skill level 5 in Fighting
  7339 | D:9      | Reached skill level 1 in Invocations
  7480 | D:9      | Reached *** piety under Makhleb
  7851 | D:9      | Reached skill level 5 in Dodging
  7860 | D:9      | HP: 1/81 [troll (6)]
  7989 | D:9      | Killed from afar by a vampire

Illustrated notes

Levels and vault maps discovered:
D:1:      lightli_arrival_quake, layout_loops_ring,
          hellmonk_ecumenical_altar_watching_god, serial_shops,
          nicolae_shop_gaudy_bauble, moated_statue
D:2:      minmay_general_purpose_star, layout_basic, basic_altar
D:3:      layout_basic
D:4:      layout_loops_ring, amethyst_overflow_temple_binary,
          minmay_temple_entry_wispy, st_stairs_4, serial_bayou_crossing,
          uniq_sigmund
D:5:      layout_layer_cave, kennysheep_generic_room_14
D:6:      layout_rooms, chequers_big_river, uniq_edmund, uniq_maggie,
          uniq_grinder, uniq_blork_the_orc
D:7:      layout_gridville, minmay_holes, minmay_microvault, uniq_duvessa
D:8:      layout_basic, nzn_hepliaklqana_mist_gate, st_stairs_9, uniq_erica,
          uniq_gastronok
D:9:      layout_stronghold
Temple:   nicolae_temple_bog_church

Skill      XL: |  1  2  3  4  5  6  7  8  9 10 |
---------------+-------------------------------+-----
Unarmed Combat | 4 5 6 8 10 | 10.0
Poison Magic   | 1 2 3 |  3.0
Spellcasting   | 3 5 6 |  6.0
Transmutations | 4 6 8 |  8.0
Dodging        | 2 3 5 |  5.0
Fighting       | 2 3 4 5 |  5.0
Ice Magic      | 1 3 |  3.0
Invocations    | 4 |  4.0

Action                     |  1- 3 |  4- 6 |  7- 9 | 10-12 || total
---------------------------+-------+-------+-------+-------++-------
  Melee: Unarmed           |   137 |   158 |   318 |   207 ||   820
         Tailslap          |    21 |    16 |    24 |    13 ||    74
         Punch             |     5 |     6 |     7 |     8 ||    26
         Headbutt          |     5 |    16 |     7 |       ||    28
         Kick              |     4 |    18 |    18 |       ||    40
   Cast: Beastly Appendage |     4 |    13 |     5 |       ||    22
         Spider Form       |       |     1 |    14 |     7 ||    22
Ability: Breathe Lightning |       |       |     4 |       ||     4
  Evoke: Wand              |       |       |     1 |       ||     1
    Use: Scroll            |       |       |     2 |     8 ||    10
   Stab: Sleeping          |     1 |     1 |     1 |       ||     3
 Armour: Skin              |    49 |    39 |    61 |    43 ||   192
  Dodge: Dodged            |    89 |    86 |   225 |   178 ||   578
